Unix NetHack Version 5.0.0-0 post-release - last build May 17 2026 04:57:42 (dc50c8380fa5e20985bfe3072449f57b8d9895ef,branch:main).

Game began 2026-05-20 12:27:31, ended 2026-05-20 14:07:36.

Ch3Begorrah, chaotic male human Rogue

  --------- ----
  |....@.......|
  |........$...|
  |......|.....|
  |.............
  --------------

Ch3Begorrah the Rogue   St:14 Dx:17 Co:15 In:11 Wi:11 Ch:9  Chaotic
Dlvl:10 $:369 HP:0(50) Pw:31(31) AC:1  Xp:7 T:5336 

Latest messages:
 The kitten bites!
 The pony misses!
 The pony misses!
 The leprechaun picks up 26 gold pieces.
 The kitten misses!
 The leprechaun reads a scroll called tele?!
 The leprechaun vanishes and reappears farther away.
 The gargoyle reads a scroll of teleportation!
 The gargoyle vanishes!
 The leprechaun picks up 13 gold pieces.
 You are now most skilled in dagger.
 You swap places with the peaceful bugbear.
 The kitten bites!
 The pony kicks!
 The pony bites!
 The killer bee misses!
 The leprechaun picks up 41 gold pieces.
 The soldier hurls an orange potion!
 The flagon crashes on the leocrotta's head and breaks into shards.
 The orange potion evaporates.
 Call an orange potion: 
 The kitten bites!
 The pony kicks!
 The pony bites!
 The killer bee stings!
 The leocrotta hits the paper golem.
 The leocrotta misses the paper golem.
 The leocrotta hits the paper golem.
 What do you want to write with? [- abmqtv-yJM-ORWX or ?*] -
 You write in the dust with your fingertip.
 What do you want to write in the dust here? Elbereth
 The kitten bites!
 The pony kicks!
 The pony bites!
 The killer bee stings!
 The leprechaun picks up 30 gold pieces.
 Suddenly, you notice a scorpion.
 The leocrotta misses the scorpion.
 The leocrotta misses the scorpion.
 The leocrotta misses the scorpion.
 The soldier throws a dagger!
 The dagger hits the leocrotta.
 The pony kicks!
 The pony bites!
 What do you want to zap? [mtxJO or ?*] ?
 In what direction? >
 You dig a hole through the doorway.
 You fall through...
 You die...
 Do you want your possessions identified? [ynq] (y) q

Inventory:
 Coins    ('$')
  $ - 369 gold pieces
 Weapons  (')')
  a - a +3 dart
  b - a cursed poisoned rustproof -1 dart
  q - a +0 dagger (weapon in right hand)
  N - 12 +0 daggers (at the ready)
 Armor    ('[')
  r - an uncursed +0 orcish helm (being worn)
  s - an uncursed rotted +0 pair of gauntlets of dexterity (being worn)
  H - a blessed greased +2 dwarvish cloak (being worn)
  u - an uncursed +0 dwarvish mithril-coat (being worn)
 Comestibles  ('%')
  d - 4 uncursed fortune cookies
  p - a cursed egg
  K - an uncursed lichen corpse
 Scrolls  ('?')
  g - an uncursed scroll of amnesia named ok
  V - an uncursed scroll of blank paper
  i - an uncursed scroll of confuse monster
  F - a cursed scroll of confuse monster
  P - 2 uncursed scrolls of create monster named ok
  Q - 2 uncursed scrolls of earth
  C - a cursed scroll of enchant weapon
  j - a cursed scroll of gold detection
  Y - a blessed scroll of remove curse
  D - a cursed scroll of remove curse
  c - a blessed scroll of scare monster
  Z - an uncursed scroll of taming
  k - an uncursed scroll of teleportation
  G - a cursed scroll of teleportation
 Potions  ('!')
  n - 2 cursed potions of healing
  A - an uncursed potion of oil
  B - an uncursed potion of paralysis
 Rings    ('=')
  W - an uncursed +2 ring of increase damage
  w - a cursed ring of poison resistance (on left hand)
  M - an uncursed ring of regeneration
  y - a cursed ring of see invisible
 Wands    ('/')
  O - a wand of create monster (0:14)
  m - a wand of digging (0:4)
  x - a wand of probing (0:6)
  t - a wand of secret door detection (0:14)
  J - a wand of sleep (0:6)
 Tools    ('(')
  f - an uncursed sack containing 4 items
  E - an uncursed brass lantern
  S - a can of grease (0:15)
  e - an uncursed lock pick
  h - an uncursed tin opener
  X - an uncursed towel
  U - a +0 unicorn horn
 Gems/Stones  ('*')
  R - an uncursed worthless piece of white glass
  v - 3 uncursed worthless pieces of yellowish brown glass

Contents of the sack:
  84 gold pieces
  an uncursed scroll of enchant armor
  a potion of unholy water named cursed
  2 uncursed potions of sickness

Ch3Begorrah the Rogue's attributes:

Background:
 You were a Rogue, level 7 male human.
 You were chaotic, nominally on a mission for Kos
 who was opposed by Issek (lawful) and Mog (neutral).
 You were right-handed.
 You were in the Dungeons of Doom, on level 10.
 You entered the dungeon 5336 turns ago.
 You had 996 experience points, 284 more were needed to attain level 8.

Basics:
 You had 0 out of 50 hit points.
 You had all 31 energy points (spell power).
 Your armor class was 1.
 Your wallet contained 369 zorkmids, and
 you had 84 more stashed away in your pack.
 Autopickup was on for '$!/(' plus thrown, with exceptions.

Final Characteristics:
 Your strength was 14 (limit:18/100).
 Your dexterity was 17 (peak:18, limit:18).
 Your constitution was 15 (limit:18).
 Your intelligence was 11 (limit:18).
 Your wisdom was 11 (limit:18).
 Your charisma was 9 (limit:18).

Final Status:
 You weren't hungry.
 You were unencumbered.
 You were wielding a dagger.
 You had expert skill with dagger.

Final Attributes:
 You were piously aligned.
 Your items were somewhat protected from fire.
 Your items were somewhat protected from cold.
 You were poison resistant.
 You were stealthy.
 You were guarded.
 You are dead.

Miscellaneous:
 You encountered 1 bones level.
 Total elapsed playing time was 1 hour, 38 minutes and 28 seconds.

Major events:
 Turn
    1: Ch3Begorrah the chaotic male human Rogue entered the dungeon
 1196: attained the rank of Cutpurse (level 3)
 1232: entered the Gnomish Mines
 2576: attained the rank of Rogue (level 6)
 3733: entered Sokoban
 5336: killed by falling down a mine shaft

You didn't know any spells.

Skills:
 Fighting Skills
   bare handed combat [Unskilled]
   two weapon combat  [Unskilled]
   riding             [Unskilled]
 Weapon Skills
   dagger             [Expert]
   knife              [Unskilled]
   short sword        [Basic]
   broadsword         [Unskilled]
   long sword         [Unskilled]
   two-handed sword   [Unskilled]
   saber              [Unskilled]
   club               [Unskilled]
   mace               [Unskilled]
   morning star       [Unskilled]
   flail              [Unskilled]
   hammer             [Unskilled]
   polearms           [Unskilled]
   spear              [Unskilled]
   crossbow           [Unskilled]
   dart               [Unskilled]
   shuriken           [Unskilled]
 Spellcasting Skills
   divination spells  [Unskilled]
   escape spells      [Unskilled]
   matter spells      [Unskilled]

Voluntary challenges:
 Character rerolling was not enabled.
 You followed a strict vegan diet.
 You were an atheist.
 You never genocided any monsters.
 You never polymorphed an object.
 You never changed form.
 You used no wishes.
 You did not violate any of the special Sokoban rules.
Achievements:
 You entered a shop.
 You attained the rank of Cutpurse.
 You entered the Gnomish Mines.
 You attained the rank of Rogue.
 You entered Sokoban.

 The Dungeons of Doom: levels 1 to 10
    Level 1:
       A sink.
    Level 2:
       A fountain.
    Level 3:
       A general store.
       Stairs down to The Gnomish Mines.
    Level 4:
       A fountain.
    Level 5:
       An altar, some fountains.
    Level 6:
       Many fountains, a grave.
       Oracle of Delphi.
       Final resting place for
          flandre-Bar-Hum-Fem-Neu, killed by a fire ant.
    Level 7:
       A fountain.
       Stairs up to Sokoban, level 6.
    Level 8:
       A fountain.
    Level 9:
    Level 10: <- You were here.
       A grave.
       Final resting place for
          you, killed by falling down a mine shaft.
 The Gnomish Mines:
    Level 4:
 Sokoban:
    Level 6:
       Unsolved.


Vanquished creatures:
  a small mimic
  a dwarf ruler
  a giant beetle
  a lynx
  a leprechaun
 an orc mummy
  a brown pudding
 an owlbear
  a lizard
  2 white unicorns
  a raven
  a snake
  a rope golem
  4 fire ants
  2 bugbears
  a mountain nymph
  a yellow light
  2 gnome leaders
  2 gnomish wizards
  a gray ooze
  a straw golem
  2 floating eyes
  3 dwarves
  2 kobold leaders
  3 hill orcs
  2 giant bats
  a wererat
 an iguana
  3 killer bees
  a coyote
  4 hobbits
  2 large kobolds
  7 hobgoblins
  a giant rat
  a green mold
  3 red molds
 12 gnomes
  6 geckos
  7 jackals
  a kobold
  4 goblins
  a sewer rat
 11 grid bugs
  6 lichens
  2 kobold zombies
  3 newts
117 creatures vanquished.

No species were genocided or became extinct.

Game over:
                       ----------
                      /          \
                     /    REST    \
                    /      IN      \
                   /     PEACE      \
                  /                  \
                  |   Ch3Begorrah    |
                  |      453 Au      |
                  |    killed by     |
                  |  falling down a  |
                  |    mine shaft    |
                  |                  |
                  |       2026       |
                 *|     *  *  *      | *
        _________)/\\_//(\/(/\)/\//\/|_)_______

Goodbye Ch3Begorrah the Rogue...

You died in The Dungeons of Doom on dungeon level 10 with 4932 points,
and 453 pieces of gold, after 5336 moves.
You were level 7 with a maximum of 50 hit points when you died.

